 Dungeon Crawl Stone Soup version 0.28.0-55-gcd9437bce4 (webtiles) character file.

Game seed: 120527621466983264

56 nerdsy the Covered (level 3, 0/33 HPs)
             Began as a Deep Dwarf Fighter on Jan 2, 2023.
             Killed from afar by a white imp (2 damage)
             ... with a puff of frost
             ... summoned by Natasha
             ... on level 2 of the Dungeon.
             The game lasted 00:04:31 (1119 turns).

nerdsy the Covered (Deep Dwarf Fighter)             Turns: 1119, Time: 00:04:32

Health: 0/33       AC:  4    Str: 27    XL:     3   Next: 71%
Magic:  2/2        EV: 11    Int:  8    God:
Gold:   49         SH:  4    Dex: 12    Spells: 2/2 levels left

rFire   . . .      SeeInvis +   a - +0 war axe
rCold   . . .      Faith    +   c - +0 buckler
rNeg    . . .      Spirit   .   o - +2 robe of the Harp {Archmagi}
rPois   .          Reflect  .   (no helmet)
rElec   .          Harm     .   (no cloak)
rCorr   .          Rampage  .   (no gloves)
Will    .....      Archmagi +   (no boots)
Stlth   +.........              k - amulet of faith
HPRegen 0.00/turn               f - +6 ring of strength
MPRegen 0.08/turn               m - ring of see invisible

@: slowed, very slow
A: damage resistance, heal wounds, sense surroundings 1, no regeneration
a: Heal Wounds


You were on level 2 of the Dungeon.
You visited 1 branch of the dungeon, and saw 2 of its levels.

You collected 49 gold pieces.

Inventory:

Hand Weapons
 a - a +0 war axe (weapon)
 n - a +0 dagger of venom
Missiles
 b - 19 arrows
 g - 48 stones
Armour
 c - a +0 buckler (worn)
 o - the +2 robe of the Harp (worn) {Archmagi}
   (You found it on level 2 of the Dungeon)

   Archmagi:  It increases the power of your magical spells.
Jewellery
 f - a +6 ring of strength (left hand)
 k - an amulet of faith (around neck)
 m - a ring of see invisible (right hand)
Scrolls
 e - a scroll of identify {unknown}
 i - a scroll of enchant armour {unknown}
 j - a scroll of teleportation {unknown}
Potions
 d - a potion of might
 h - a potion of heal wounds {unknown}
 l - 2 potions of mutation {unknown}


   Skills:
 + Level 2.9 Fighting
 + Level 3.3 Axes
 + Level 3.8 Armour
 + Level 0.2 Dodging
 + Level 3.6 Shields


You had 2 spell levels left.
You didn't know any spells.
Your spell library was empty.

Dungeon Overview and Level Annotations

Branches:
Dungeon (2/15)

Altars:

Annotations:
D:2 Natasha


Innate Abilities, Weirdness & Mutations

You are resistant to damage.
You can heal yourself by infusing magical energy.
You passively map a small area around you.
You do not regenerate.


Message History

The white imp gestures at you. The puff of frost hits you!
The iron imp hits you but does no damage.
Natasha closely misses you.
You hit Natasha but do no damage.
Natasha is severely wounded.
You barely miss the white imp. You hit the iron imp but do no damage.
The white imp gestures at you. The puff of frost hits you!
* * * LOW HITPOINT WARNING * * *
Natasha misses you. The iron imp hits you.
* * * LOW HITPOINT WARNING * * *
The white imp misses you. You block Natasha's attack.
You block the iron imp's attack.
Activating: Heal Wounds (26% risk of failure)
Press: ? - help, Q - select action, (/) - cycle Dir - look around, f - activate You feel much better.
The white imp closely misses you.
Natasha stares at you and mumbles some strange words.
You resist with some effort.
The iron imp grins evilly.
The iron imp closely misses you. The white imp barely misses you.
Natasha claws you.
You barely miss Natasha.
Natasha is severely wounded.
You closely miss the white imp. You closely miss the iron imp.
The white imp hits you but does no damage.
The iron imp hits you! Natasha barely misses you. The white imp hits you.
* * * LOW HITPOINT WARNING * * *
The white imp freezes you.
* * * LOW HITPOINT WARNING * * *
The iron imp hits you.
* * * LOW HITPOINT WARNING * * *
Natasha barely misses you.
Activating: Heal Wounds (26% risk of failure)
Press: ? - help, Q - select action, (/) - cycle Dir - look around, f - activate You fail to use your ability.
The white imp gestures at you. The puff of frost hits you.
You die...

.........>...... , ,
#...........##). *
#####...######.# , , *
#...# #.# * , #...# #.#
* * #...# *###.. ##...
..<..# * ############
####.. , , #5@h...... ..
#.# ,
#####5#####..#*###.##.#
* * #......#.##..#
.......# *
#.###......... , #..
##.##.....#... * #.#
#........#.#..# #.#
#.............. ,, *#.#
#.###.#.##############.#
#.##..#.# ####.........#


You could see an iron imp (summoned), Natasha and a white imp (summoned).

Vanquished Creatures
  2 adders (D:2)
  A dart slug (D:1)
  4 endoplasms (D:1)
  2 giant cockroaches
  6 goblins (D:1)
  2 hobgoblins (D:1)
  4 kobolds
  3 quokkas
  3 ball pythons (D:1)
  2 bats (D:1)
  2 frilled lizards (D:1)
  4 rats
35 creatures vanquished.

Vanquished Creatures (others)
  12 plants (D:1)
12 creatures vanquished.

Grand Total: 47 creatures vanquished

Notes
Turn   | Place    | Note
-------+----------+-------------------------------------------
     0 | D:1      | nerdsy the Deep Dwarf Fighter began the quest for the Orb.
     0 | D:1      | Reached XP level 1. HP: 20/20 MP: 1/1
    41 | D:1      | Reached XP level 2. HP: 27/27 MP: 2/2
   147 | D:1      | Found a faded altar of an unknown god.
   388 | D:1      | Reached XP level 3. HP: 19/33 MP: 3/3
   930 | D:2      | Identified the +2 robe of the Harp {Archmagi}
  1102 | D:2      | Noticed Natasha
  1116 | D:2      | HP: 1/33 [iron imp[Natasha] (3)]
  1119 | D:2      | Killed from afar by a white imp

Illustrated notes

Levels and vault maps discovered:
D:1:      roderic_crop_circles_arrival_small, layout_basic,
          ebering_ecumenical_altar_sacrificial, corner_web_ring
D:2:      layout_loops_cross, uniq_natasha

Skill      XL: |  1  2  3 |
---------------+----------+-----
Axes           | 3 |  3.3
Fighting       | |  2.9
Armour         | |  3.8
Dodging        | |  0.2
Shields        | |  3.6

Action                   || total
-------------------------++-------
Melee: War axe           ||   113
 Abil: Heal Wounds       ||     3
Armor: Scale mail        ||    44
       Robe              ||     4
Dodge: Dodged            ||    59
Block: Buckler           ||    28
